 Dungeon Crawl Stone Soup version 0.16-a0-1243-g6e0463c (webtiles) character file.

345 Hodglim the Ruinous (level 6, -1/36 HPs)
             Began as a High Elf Conjurer on Oct 11, 2014.
             Was an Initiate of Sif Muna.
             Slain by an orc
             ... wielding a +0 flail
              (9 damage)
             ... on level 4 of the Dungeon on Oct 13, 2014.
             The game lasted 00:26:43 (4185 turns).

Hodglim the Ruinous (High Elf Conjurer)             Turns: 4185, Time: 00:26:43

Health: -1/36      AC:  4    Str:  7    XL:     6   Next: 32%
Magic:  7/20       EV: 12    Int: 20    God:    Sif Muna [......]
Gold:   181        SH:  4    Dex: 17    Spells: 4 memorised, 4 levels left

rFire  . . .     SeeInvis .     z - +0 dagger (freeze)
rCold  . . .     Clarity  .     a - +0 robe
rNeg   . . .     SustAb   .     y - +0 buckler
rPois  .         Gourm    .     (no helmet)
rElec  .         Spirit   .     (no cloak)
rCorr  .         Warding  .     v - +0 pair of gloves
rMut   .         Stasis   .     t - +0 pair of boots
MR     .....                    (no amulet)
Stlth  ++........               (no ring)
                                (no ring)

@: not resistant to hostile enchantments, unstealthy
A: no striking features
a: Renounce Religion


You were on level 4 of the Dungeon.
You worshipped Sif Muna.
Sif Muna was noncommittal.
You were hungry.

You visited 1 branch of the dungeon, and saw 4 of its levels.
You also visited: Sewer.

You collected 181 gold pieces.

Inventory:

Hand weapons
 e - a +0 short sword
 z - a +0 dagger of freezing (weapon)
 A - a +0 cutlass
Armour
 a - a +0 robe (worn)
 t - a +0 pair of boots (worn)
 v - a +0 pair of gloves (worn)
 y - a +0 buckler (worn)
Jewellery
 s - an uncursed ring of positive energy {unknown}
Magical devices
 D - a wand of frost (29)
 F - a wand of paralysis (11)
Scrolls
 f - 5 scrolls of remove curse {unknown}
 i - 2 scrolls of fear {unknown}
 j - a scroll of immolation {unknown}
 k - 2 scrolls of identify {unknown}
 l - a scroll of fog {unknown}
 m - a scroll of random uselessness {unknown}
 p - 2 scrolls of amnesia {unknown}
 q - a scroll of blinking {unknown}
 w - 2 scrolls of teleportation {unknown}
 C - a scroll of magic mapping {unknown}
 E - a scroll of recharging {unknown}
Potions
 g - a potion of curing {unknown}
 h - a potion of lignification {unknown}
 o - a potion of restore abilities {unknown}
 r - 5 potions of heal wounds {unknown}
 u - 2 potions of agility {unknown}
 x - a potion of might {unknown}
 B - a potion of haste {unknown}
Books
 c - a book of Conjurations

   Spells                             Type                      Level
   *Magic Dart                        Conjuration                  1
   *Searing Ray                       Conjuration                  2
   Dazzling Spray                     Conjuration/Hexes            3
   Fulminant Prism                    Conjuration/Hexes            4
   *Iskenderun's Mystic Blast         Conjuration                  4
   *Iskenderun's Battlesphere         Conjuration/Charms           5
Comestibles
 b - 6 bread rations
 d - a slice of pizza
 n - 4 fruits


   Skills:
 - Level 2.1 Dodging
 - Level 2.1 Stealth
 + Level 5.5 Spellcasting
 + Level 6.7 Conjurations


You had 4 spell levels left.
You knew the following spells:

 Your Spells              Type           Power        Failure   Level  Hunger
a - Magic Dart            Conj           ####         1%          1    None
b - Searing Ray           Conj           ####..       1%          2    None
c - Iskenderun's Mystic   Conj           ####....     10%         4    ####...
d - Iskenderun's Battles  Conj/Chrm      ###.....     88%         5    #####..


Dungeon Overview and Level Annotations

Branches:
Dungeon (4/15)
 Temple: D:4-7

Altars:
Cheibriados
Dithmenos
Makhleb
Sif Muna
Zin
Jiyva


Message History

Aiming: Searing Ray
Press: ? - help, Shift-Dir - straight line, f/p - orc
Aim: an orc, wielding a flail (almost dead)
The searing ray hits the ooze.
The ooze is lightly wounded.
The ooze quivers.
The ooze hits you.
* * * LOW HITPOINT WARNING * * *
The searing ray hits the ooze.
The ooze is heavily wounded.
The searing ray hits the ooze.
You kill the ooze!
You block the orc's attack.
An orc wizard comes into view. It is wielding a glowing dagger.
The orc wizard shouts!
The orc wizard hits you but does no damage.
The orc wizard points at you and mumbles some strange words.
The puff of flame misses you. The orc wizard barely misses you.
The orc hits you with a flail!
You die...

. ..## ).....
..o...## ........##
.........## #..
.........oo##......
.........@.J.......
........(####.._J..
..........# ...
#.......####......
#.............#
#.......####....#
##.......# ...##
#........###....##
#.....##..........


You could see an ooze, a jelly (sleeping), 2 orc wizards and an orc.

Vanquished Creatures
  An orc priest (D:3)
  2 orc wizards (D:3)
  A worker ant (D:4)
  8 adders
  A gnoll (D:1)
  3 giant mites
  A worm (D:3)
  2 oozes (D:4)
  8 orcs
  12 bats
  9 goblins
  3 hobgoblins
  17 jackals
  14 kobolds
  5 ball pythons
  7 giant cockroaches
  2 giant geckos
  8 giant newts
  A goblin skeleton (D:4)
  2 quokkas
  6 rats
  2 plants (Sewer)
115 creatures vanquished.

Notes
Turn   | Place    | Note
--------------------------------------------------------------
     0 | D:1      | Hodglim, the High Elf Conjurer, began the quest for the Orb.
     0 | D:1      | Reached XP level 1. HP: 11/11 MP: 4/4
   316 | D:1      | Reached XP level 2. HP: 17/17 MP: 3/6
   325 | D:1      | Learned a level 2 spell: Searing Ray
   656 | D:1      | Reached skill level 5 in Conjurations
   726 | D:1      | Reached XP level 3. HP: 19/21 MP: 5/10
  1617 | D:2      | Reached XP level 4. HP: 27/27 MP: 10/13
  2011 | D:2      | Found a snail-covered altar of Cheibriados.
  2265 | D:3      | Found a glowing drain.
  2336 | Sewer    | Entered a sewer
  2556 | Sewer    | Upgraded the game from 0.16-a0-1196-ged0958e to 0.16-a0-1243-g6e0463c
  2567 | Sewer    | Learned a level 4 spell: Iskenderun's Mystic Blast
  2813 | Sewer    | Reached XP level 5. HP: 31/31 MP: 10/16
  2820 | Sewer    | Learned a level 5 spell: Iskenderun's Battlesphere
  3208 | D:3      | Reached skill level 6 in Conjurations
  3668 | D:3      | Found a glowing silver altar of Zin.
  3669 | D:3      | Found a shadowy altar of Dithmenos.
  3671 | D:3      | Found a burning altar of Makhleb.
  3747 | D:3      | Reached skill level 5 in Spellcasting
  3909 | D:3      | Found a deep blue altar of Sif Muna.
  3913 | D:3      | Became a worshipper of Sif Muna the Loreminder
  3920 | D:3      | Reached XP level 6. HP: 31/36 MP: 7/20
  4180 | D:4      | Found a viscous altar of Jiyva.
  4185 | D:4      | Slain by an orc

Action                   |  1- 3 |  4- 6 || total
-------------------------+-------+-------++-------
Melee: Short sword       |     5 |   172 ||   177
       Dagger            |       |     2 ||     2
 Cast: Magic Dart        |    63 |   144 ||   207
       Searing Ray       |     3 |     5 ||     8
       Iskenderun's Myst |       |     7 ||     7
  Eat: Chunk             |     2 |     9 ||    11
